 Dungeon Crawl Stone Soup version 0.31-a0-162-gc4c5a43528 (webtiles) character file.

Game seed: 11376160562059693605

318 IndexError the Cudgeller (level 6, 0/58 HPs)
             Began as a Minotaur Berserker on June 13, 2023.
             Was a Priest of Trog.
             Killed by divine providence
             ... invoked by an orc priest
              (16 damage)
             ... on level 4 of the Dungeon.
             The game lasted 00:04:01 (2988 turns).

IndexError the Cudgeller (Minotaur Berserker)       Turns: 2988, Time: 00:04:02

Health: 0/58       AC:  4    Str: 24    XL:     6   Next: 21%
Magic:  5/5        EV: 12    Int:  4    God:    Trog [***...]
Gold:   184        SH:  0    Dex:  9    Spells: 5/5 levels left

rFire   . . .        a - +0 whip (elec)
rCold   + . .        (no shield)
rNeg    . . .        q - +0 animal skin
rPois   .            (helmet restricted)
rElec   .            o - +1 cloak
rCorr   .            (no gloves)
SInv    .            (no boots)
Will    .....        (no amulet)
Stlth   +            r - ring of protection from cold {rC+, !d}
HPRegen 0.29/turn    (no ring)
MPRegen 0.09/turn

%: no passive effects
@: no status effects
A: horns 2, retaliatory headbutt
a: Renounce Religion, Berserk, Trog's Hand


You were on level 4 of the Dungeon.
You worshipped Trog.
Trog was most pleased with you.
You visited 1 branch of the dungeon, and saw 4 of its levels.

You collected 184 gold pieces.

Inventory:

Hand Weapons
 a - a +0 whip of electrocution (weapon)
   (You took it off a kobold on level 4 of the Dungeon)
 b - a +0 sling
   (You took it off a goblin on level 3 of the Dungeon)
Armour
 n - a scarf of resistance
   (You found it on level 2 of the Dungeon)
 o - a +1 cloak (worn)
   (You found it on level 2 of the Dungeon)
 q - a +0 animal skin (worn)
Jewellery
 r - a ring of protection from cold (left hand) {rC+, !d}
   (You found it on level 4 of the Dungeon)
Scrolls
 c - 2 scrolls of vulnerability {unknown}
 d - a scroll of immolation {unknown}
 e - 4 scrolls of teleportation {unknown}
 g - 2 scrolls of revelation {unknown}
 h - 7 scrolls of identify {unknown}
 p - a scroll of poison {unknown}
 s - a scroll of silence {unknown}
 t - a scroll of torment {unknown}
 u - a scroll of noise {unknown}
Potions
 f - a potion of curing {unknown}
 i - a potion of degeneration {unknown}
 j - a potion of brilliance {unknown}
 k - 2 potions of mutation {unknown}
 l - a potion of invisibility {unknown}
 m - a potion of experience {unknown}
 v - a potion of magic {unknown}


   Skills:
 + Level 6.5 Fighting
 + Level 6.5 Maces & Flails
 - Level 2.4 Armour
 - Level 2.1 Dodging


You had 5 spell levels left.
You didn't know any spells.
Your spell library was empty.

Dungeon Overview and Level Annotations

Branches:
Dungeon (4/15)
 Temple: D:4-7

Altars:


Innate Abilities, Weirdness & Mutations

You have a pair of horns on your head.
You reflexively headbutt those who attack you in melee.


Message History

You barely miss the kobold. You hit the kobold. Trog accepts your kill.
No target in view!
You see here a +0 short sword.
You see here a +0 robe.
You see here a +0 short sword.
An adder comes into view.
The adder hisses angrily.
You hear a shout!
A goblin comes into view. It is wielding a +0 dagger.
There are monsters nearby!
There are monsters nearby!
The goblin unwields a +0 dagger.
The goblin wields a +0 sling.
The goblin shoots a sling bullet.
The sling bullet barely misses you.
You closely miss the adder. The adder bites you.
An orc comes into view. It is wielding a +0 short sword.
You take 1 damage, and have 57/58 hp.
You closely miss the adder.
The orc shouts!
The adder barely misses you.
Health restored: 58 You hit the adder.
Your headbutt misses the adder.
The goblin shoots a sling bullet.
The sling bullet barely misses you. The adder misses you.
You furiously retaliate!
You headbutt the adder! Trog accepts your kill.
The goblin shoots a sling bullet.
The sling bullet hits you but does no damage.
The goblin shoots a sling bullet.
The sling bullet hits you.
You take 1 damage, and have 57/58 hp.
An orc wizard comes into view. It is wielding a +0 dagger.
Health restored: 58 The orc wizard shouts!
You hit the goblin but do no damage. Your headbutt misses the goblin.
You hear a shout! x2
An orc comes into view. It is wielding a +0 hand axe.
An orc comes into view. It is wielding a +0 dagger.
The goblin unwields a +0 sling.
The goblin wields a +0 dagger.
The goblin hits you but does no damage.
The orc shouts!
You hit the goblin. Lightning courses through the goblin!
Trog accepts your kill.
You hit the orc. Your headbutt misses the orc.
An orc priest comes into view. It is wielding a +0 short sword.
You completely miss the orc. You hit the orc. Trog accepts your kill.
The orc wizard gestures wildly while chanting.
The orc wizard flickers and vanishes!
Deactivating autopickup; reactivate with Ctrl-A.
An ice beast comes into view.
Okay, then.
The orc priest mumbles some strange prayers to Beogh against you.
Something hits you.
You take 2 damage, and have 56/58 hp.
Something hits you but does no damage.
A magic dart appears from out of thin air!
The magic dart hits you!
You take 7 damage, and have 50/58 hp.
A magic dart appears from out of thin air!
The magic dart hits you.
You take 3 damage, and have 47/58 hp.
Something tries to affect you, but you resist.
You are confused.
A puff of flame appears from out of thin air!
The puff of flame hits you.
You take 4 damage, and have 46/58 hp.
A magic dart appears from out of thin air!
The magic dart hits you!
You take 6 damage, and have 40/58 hp.
The orc hits you with a +0 hand axe.
You take 1 damage, and have 39/58 hp.
The orc attacks as you move away! The orc closely misses you.
You whack the orc! Trog accepts your kill. The orc barely misses you.
The orc hits you with a +0 dagger.
The orc priest looks braver for a moment.
You hear some strange, mumbled words.
Something tries to affect you, but you resist.
The ice beast hits you but does no damage.
You see here a +0 hand axe.
You take 3 damage, and have 37/58 hp.
You're too confused to move!
You feel less confused. Something hits you.
The orc hits you but does no damage. The ice beast hits you.
The ice beast freezes you. You resist.
You take 11 damage, and have 26/58 hp.
The orc priest invokes the aid of Beogh against you.
Beogh smites you! The orc hits you but does no damage.
You take 7 damage, and have 19/58 hp.
The orc attacks as you move away! The orc hits you but does no damage.
Something hits you but does no damage.
You see here a +0 club.
Something hits you.
* * * LOW HITPOINT WARNING * * *
You take 4 damage, and have 15/58 hp.
A ball python comes into view.
The orc priest calls down the wrath of Beogh upon you.
Beogh smites you!
You die...

.....##.....##
#<.)...###..##
#.....## #...#
##..### ##S.##
.## ##..## ##
##[[## ##<.#
##.## ##@##
##..## ##.o..##
#..Y...##
##...o...##
#...).....##
##..........#
#...........###
#.............##


You could see an ice beast, an orc priest, an orc and a ball python (wandering).

Vanquished Creatures
  A scorpion (D:4)
  An orc priest (D:3)
  2 orc wizards (D:4)
  3 gnolls (D:2)
  6 adders
  2 dart slugs
  2 orcs (D:4)
  14 ball pythons
  7 endoplasms
  4 giant cockroaches
  11 goblins
  5 hobgoblins
  4 jackals (D:1)
  4 quokkas
  8 bats
  2 frilled lizards
  9 kobolds
  6 rats
91 creatures vanquished.

Notes
Turn   | Place    | Note
-------+----------+-------------------------------------------
     0 | D:1      | IndexError the Minotaur Berserker began the quest for the
                  | Orb.
     0 | D:1      | Reached XP level 1. HP: 19/19 MP: 0/0
    83 | D:1      | Reached skill level 4 in Fighting
    83 | D:1      | Reached skill level 4 in Maces & Flails
    83 | D:1      | Reached XP level 2. HP: 26/27 MP: 1/1
   515 | D:1      | Reached XP level 3. HP: 33/34 MP: 2/2
   542 | D:1      | Reached ** piety under Trog
   943 | D:2      | You fall into a shaft and drop 1 floor!
  1049 | D:2      | Reached XP level 4. HP: 41/41 MP: 3/3
  1084 | D:2      | Reached skill level 5 in Maces & Flails
  1123 | D:2      | Reached skill level 5 in Fighting
  2213 | D:3      | Reached *** piety under Trog
  2214 | D:3      | Reached XP level 5. HP: 48/48 MP: 4/4
  2731 | D:4      | Reached skill level 6 in Fighting
  2731 | D:4      | Reached skill level 6 in Maces & Flails
  2733 | D:4      | Reached XP level 6. HP: 58/58 MP: 5/5
  2953 | D:4      | Noticed an ice beast
  2988 | D:4      | Killed from afar by an orc priest

Illustrated notes

Levels and vault maps discovered:
D:1:      onia_arrival_handbag, layout_loops_ring, minmay_heptomino_o4
D:2:      layout_basic, minmay_tripent
D:3:      layout_basic
D:4:      layout_cave_pods

Skill      XL: |  1  2  3  4  5 |
---------------+----------------+-----
Fighting       | 4 5 6 |  6.5
Maces & Flails | 4 5 6 |  6.5
Armour         | |  2.4
Dodging        | |  2.1

Action                     |  1- 3 |  4- 6 || total
---------------------------+-------+-------++-------
  Melee: Mace              |    73 |    42 ||   115
         Headbutt          |     8 |     7 ||    15
         Punch             |     1 |       ||     1
         Whip              |       |    61 ||    61
 Invoke: Berserk           |       |     2 ||     2
   Stab: Sleeping          |     1 |     1 ||     2
 Armour: Animal skin       |    20 |    32 ||    52
  Dodge: Dodged            |    61 |    60 ||   121

Table legend: (Time is in decaauts)
 A = Elapsed time spent in this place.
 B = Non-inter-level travel time spent in this place.
 C = Inter-level travel time spent in this place.
 D = Time resting spent in this place.
 E = Time spent auto-exploring this place.
 F = Levels seen in this place.
 G = Mean time per level.
                   A        B        C        D        E       F      G
               +--------+--------+--------+--------+--------+-----+--------+
         Total |   3015 |   2742 |    273 |      0 |   2242 |   4 |  753.8 |
       Dungeon |   3015 |   2742 |    273 |      0 |   2242 |   4 |  753.8 |
               +--------+--------+--------+--------+--------+-----+--------+

Top non-repeatable levels by time:
     D:2: 1013 daAuts
     D:3: 885 daAuts
     D:1: 882 daAuts
     D:4: 233 daAuts

Levels and vault maps discovered:
D:1:      onia_arrival_handbag, layout_loops_ring, minmay_heptomino_o4
D:2:      layout_basic, minmay_tripent
D:3:      layout_basic
D:4:      layout_cave_pods

Table legend: (Time is in decaauts)
 A = Elapsed time spent in this place.
 B = Non-inter-level travel time spent in this place.
 C = Inter-level travel time spent in this place.
 D = Time resting spent in this place.
 E = Time spent auto-exploring this place.
 F = Levels seen in this place.
 G = Mean time per level.
                   A        B        C        D        E       F      G
               +--------+--------+--------+--------+--------+-----+--------+
         Total |   3015 |   2742 |    273 |      0 |   2242 |   4 |  753.8 |
       Dungeon |   3015 |   2742 |    273 |      0 |   2242 |   4 |  753.8 |
               +--------+--------+--------+--------+--------+-----+--------+

Top non-repeatable levels by time:
     D:2: 1013 daAuts
     D:3: 885 daAuts
     D:1: 882 daAuts
     D:4: 233 daAuts

Table legend:
 A = Kills in this place as a percentage of kills in the entire game.
 B = Kills by you in this place as a percentage of kills by you in the entire game.
 C = Kills by friends in this place as a percentage of kills by friends in the entire game.
 D = Other kills in this place as a percentage of other kills in the entire game.
 E = Experience gained in this place as a percentage of experience gained in the entire game.
 F = Experience gained in this place divided by the number of levels of this place that you have seen.
                   A       B       C       D       E      F
               +-------+-------+-------+-------+-------+----------------------
         Total | 100.0 | 100.0 |   N/A |   N/A | 100.0 | 113.8
       Dungeon | 100.0 | 100.0 |   N/A |   N/A | 100.0 | 113.8
               +-------+-------+-------+-------+-------+----------------------
